[Event "Titled Tuesday Blitz June 27 Early 2023"]
[White "Galchenko, Matvey"]
[Black "Narayanan.S.L"]
[WhiteFideId "24175480"]
[BlackFideId "5058422"]
[WhiteElo "2873"]
[BlackElo "2995"]
[Result "1-0"]
[Round "9"]
[TimeControl "180+2"]
[Date "2023.06.27"]
[WhiteClock "0:00:04"]
[BlackClock "0:01:05"]
[Board "5"]

1. e4 g6 2. d4 Bg7 3. Nc3 d6 4. Be2 Nc6 5. Be3 e5 6. dxe5 Nxe5 7. Qd2 Nf6 8. h3 O-O 9. f4 Ned7 10. O-O-O Re8 11. Bf3 Rb8 12. Nge2 b5 13. e5 b4 14. Nb1 dxe5 15. fxe5 Rxe5 16. Bxa7 Rbb5 17. Bc6 Ra5 18. Bd4 Qf8 19. Qd3 Bh6+ 20. Nd2 Rxa2 21. Kb1 Raa5 22. Bxd7 Bxd7 23. Nc4 Qa8 24. b3 Bf5 25. Bxe5 Bxd3 26. Rxd3 Nd5 27. Nxa5 Qxa5 28. Rhd1 c6 29. Nd4 Nc3+ 30. Rxc3 Qxe5 31. Rxc6 Be3 32. Rc4 Kg7 33. Rxb4 Qh5 34. Nf3 Qa5 35. Ra4 Qc3 36. Rd3 Qc5 37. Rc4 Qa7 38. Re4 Bc5 39. Rc4 Be7 40. Kb2 Bf6+ 41. c3 g5 42. Rd2 h5 43. Rc2 Qe3 44. Ra4 Qd3 45. Nd4 g4 46. hxg4 hxg4 47. Ne2 Qf5 48. Ng3 Qe6 49. Re4 Qc8 50. Nh5+ Kg6 51. Nxf6 Kxf6 52. Rf2+ Kg6 53. Ref4 g3 54. R2f3 Qe8 55. Rxg3+ Kh5 56. Rf2 Qe5 57. Rgf3 Kg4 58. Rxf7 Kg3 59. R7f3+ Kh2 60. g4+ Kg1 61. b4 Qd5 62. g5 Qxg5 63. Rc2 Qd5 64. Re3 Kf1 65. Ree2 Qd6 66. Rf2+ Kg1 67. Rfd2 1-0


[Site "https://www.chess.com"]

[Event "Titled Tuesday Blitz June 27 Early 2023"]
[White "Indjic, Aleksandar"]
[Black "Erdogmus, Yagiz Kaan"]
[WhiteFideId "911925"]
[BlackFideId "44599790"]
[WhiteElo "2961"]
[BlackElo "2872"]
[Result "1-0"]
[Round "9"]
[TimeControl "180+2"]
[Date "2023.06.27"]
[WhiteClock "0:01:56"]
[BlackClock "0:00:12"]
[Board "6"]

1. e4 c5 2. Nf3 d6 3. d4 cxd4 4. Nxd4 Nf6 5. Nc3 a6 6. h3 e5 7. Nf3 Be7 8. Nh2 Be6 9. Ng4 Nbd7 10. Ne3 Nb6 11. a4 d5 12. exd5 Nbxd5 13. Ncxd5 Nxd5 14. Nxd5 Qxd5 15. Qxd5 Bxd5 16. Be3 O-O 17. f3 Bh4+ 18. Bf2 Bxf2+ 19. Kxf2 Rac8 20. c3 Rfd8 21. Be2 f6 22. Ke3 Kf7 23. Rhd1 Bb3 24. Rxd8 Rxd8 25. a5 f5 26. Bd3 Kf6 27. Ra3 Be6 28. c4 Rd4 29. Rb3 f4+ 30. Ke2 Bxc4 31. Rb6+ Kg5 32. Bxc4 Rxc4 33. Rxb7 Rc2+ 34. Kd3 Rxg2 35. Rxg7+ 1-0


[Site "https://www.chess.com"]

[Event "Titled Tuesday Blitz June 27 Early 2023"]
[White "Sanal, Vahap"]
[Black "Mekhitarian, Krikor Sevag"]
[WhiteFideId "6300545"]
[BlackFideId "2107660"]
[WhiteElo "2960"]
[BlackElo "2869"]
[Result "1-0"]
[Round "9"]
[TimeControl "180+2"]
[Date "2023.06.27"]
[WhiteClock "0:00:15"]
[BlackClock "0:00:00"]
[Board "7"]

1. e4 e6 2. d3 d5 3. Nd2 Nc6 4. g3 Nf6 5. Bg2 e5 6. Ngf3 dxe4 7. dxe4 Bc5 8. O-O O-O 9. c3 a5 10. Qc2 b6 11. Nb3 Bd6 12. a4 h6 13. Re1 Be6 14. h3 Nd7 15. Be3 Kh7 16. Nbd2 Bc5 17. Bf1 Qe7 18. Bb5 Na7 19. Bf1 Rad8 20. Kh2 Bxe3 21. Rxe3 Nc8 22. Nc4 f6 23. Nh4 g6 24. Rae1 Nc5 25. b4 Nb7 26. f4 axb4 27. f5 gxf5 28. exf5 Bxc4 29. Bxc4 bxc3 30. Qxc3 Qc5 31. Ng6 Ncd6 32. Nxf8+ Rxf8 33. Re4 Nxe4 34. Rxe4 Nd6 35. Rh4 Qf2+ 36. Kh1 Rd8 37. Bd5 Qf1+ 38. Kh2 Qf2+ 39. Bg2 c5 40. Qb3 Rd7 41. Qe6 Rg7 42. Rg4 Nxf5 43. Rxg7+ Nxg7 44. Qxb6 Nf5 45. Qb1 Qxg3+ 46. Kh1 Qg6 47. Qb7+ Ng7 48. a5 1-0


[Site "https://www.chess.com"]

[Event "Titled Tuesday Blitz June 27 Early 2023"]
[White "Durarbayli, Vasif"]
[Black "Harshavardhan G B"]
[WhiteFideId "13402935"]
[BlackFideId "25059009"]
[WhiteElo "2927"]
[BlackElo "2820"]
[Result "1-0"]
[Round "9"]
[TimeControl "180+2"]
[Date "2023.06.27"]
[WhiteClock "0:00:08"]
[BlackClock "0:00:10"]
[Board "8"]

1. e4 c5 2. Nf3 d6 3. d4 cxd4 4. Nxd4 Nf6 5. Nc3 Nc6 6. f3 e5 7. Nb3 Be7 8. Be3 O-O 9. Qd2 Be6 10. O-O-O a5 11. Bb5 Nb4 12. a3 d5 13. axb4 d4 14. Nxd4 axb4 15. Nb3 bxc3 16. Qxd8 Rfxd8 17. Rxd8+ Bxd8 18. Rd1 Bxb3 19. cxb3 Ra1+ 20. Kc2 Rxd1 21. Kxd1 cxb2 22. Kc2 Nh5 23. Kxb2 g6 24. Kc3 f5 25. exf5 gxf5 26. Bd7 Ng7 27. Kc4 Kf7 28. Kd5 Kf6 29. Bf2 Bc7 30. h3 Nh5 31. Bh4+ Kg6 32. Be8+ Kh6 33. g3 e4 34. fxe4 Bxg3 35. Be7 fxe4 36. Kxe4 Bc7 37. h4 Kg7 38. Bxh5 1-0


[Site "https://www.chess.com"]

[Event "Titled Tuesday Blitz June 27 Early 2023"]
[White "Antipov, Mikhail Al."]
[Black "Aradhya, Garg"]
[WhiteFideId "4107012"]
[BlackFideId "25006746"]
[WhiteElo "2922"]
[BlackElo "2757"]
[Result "1-0"]
[Round "9"]
[TimeControl "180+2"]
[Date "2023.06.27"]
[WhiteClock "0:00:42"]
[BlackClock "0:00:09"]
[Board "9"]

1. e4 e5 2. Nf3 Nc6 3. Nc3 Nf6 4. Bb5 Nd4 5. Nxe5 c6 6. Be2 d5 7. exd5 Bf5 8. d3 Bd6 9. Nf3 Nxf3+ 10. Bxf3 O-O 11. dxc6 bxc6 12. O-O Qc7 13. g3 Rab8 14. Ne2 Rfe8 15. b3 Be5 16. Rb1 c5 17. Bf4 h6 18. Qd2 Re7 19. Rbe1 Rbe8 20. Bxe5 Qxe5 21. Nc3 Qxe1 22. Rxe1 Rxe1+ 23. Kg2 Ra1 24. a4 g5 25. h3 Ree1 26. Nd1 Re6 27. Qc3 Rc1 28. Ne3 Bg6 29. Qd2 Rb1 30. Qa5 Rb2 31. Qxc5 Ra2 32. Qxa7 h5 33. Qc5 g4 34. hxg4 hxg4 35. Nxg4 Nxg4 36. Bxg4 Rf6 37. Qc3 Rd6 38. a5 Rd5 39. b4 Rd6 40. b5 Rd5 41. Qb3 Rxa5 42. Qxd5 Kh7 43. c4 Ra3 44. Bf5 Rb3 45. Qxf7+ Kh8 46. Qf6+ Kg8 47. Qxg6+ Kf8 48. Be6 Ke7 49. Qf7+ Kd6 50. Qd7+ Kc5 51. d4+ Kb4 52. b6 Rd3 53. b7 Kc3 54. b8=Q Rd1 55. Qdb7 Kd2 56. Qb2+ Ke1 57. Qe5# 1-0


[Site "https://www.chess.com"]

[Event "Titled Tuesday Blitz June 27 Early 2023"]
[White "Van Foreest, Jorden"]
[Black "Nogerbek, Kazybek"]
[WhiteFideId "1039784"]
[BlackFideId "13710427"]
[WhiteElo "2971"]
[BlackElo "2909"]
[Result "1/2-1/2"]
[Round "9"]
[TimeControl "180+2"]
[Date "2023.06.27"]
[WhiteClock "0:00:06"]
[BlackClock "0:00:06"]
[Board "10"]

1. d4 Nf6 2. Nf3 d5 3. Bf4 Bf5 4. e3 e6 5. Bd3 Bd6 6. Bxf5 exf5 7. Bxd6 Qxd6 8. Qd3 g6 9. Nbd2 O-O 10. c4 Nbd7 11. O-O c6 12. b4 Ne4 13. Rab1 h5 14. Rfc1 a6 15. a4 Rfe8 16. Qc2 Nxd2 17. Qxd2 dxc4 18. Rxc4 Nb6 19. Rcc1 Nxa4 20. Qc2 Nb6 21. Qc5 Qd8 22. h3 Nd7 23. Qd6 Qe7 24. Qxe7 Rxe7 25. g3 Kg7 26. h4 Rae8 27. Ne1 Nf6 28. Nd3 Nd5 29. Nc5 f6 30. Kg2 g5 31. Rh1 Kg6 32. hxg5 fxg5 33. Nd3 Rh8 34. Ne5+ Kf6 35. Kf3 Reh7 36. Rh2 h4 37. g4 f4 38. Nd3 fxe3 39. fxe3 Re7 40. Ne5 Rxe5 41. dxe5+ Kxe5 42. Rc2 Rf8+ 43. Ke2 Re8 44. Kd3 Kd6 45. e4 Nf6 46. Rg1 Nd7 47. Kd4 Rf8 48. Rd2 Ne5 49. Ke3+ Ke6 50. Rf2 Rd8 51. Rf5 Rd3+ 52. Ke2 Rd4 53. Rxg5 Rxe4+ 54. Kf2 Rf4+ 55. Ke3 Rxb4 56. Rg8 h3 57. g5 h2 58. Rh1 Kf5 59. g6 Kf6 60. g7 Kf7 61. Rf8+ Kxg7 62. Rf4 Ng4+ 63. Kf3 Ne5+ 64. Kg3 Rxf4 65. Kxf4 Kf6 66. Rxh2 Nd7 67. Rb2 Nc5 68. Rh2 Ke6 69. Rh5 Kd6 70. Ke3 Ne6 71. Ke4 b6 72. Rh8 Nc5+ 73. Kd4 Nd7 74. Rh6+ Kc7 75. Rh7 a5 76. Rg7 Kd6 77. Rg6+ Kc7 78. Rg7 b5 79. Rh7 Kd6 80. Rh6+ Kc7 81. Rh7 a4 82. Rg7 Kd6 83. Rg6+ Kc7 84. Rg7 Kc8 85. Rg8+ Kc7 86. Rg7 1/2-1/2


[Site "https://www.chess.com"]

[Event "Titled Tuesday Blitz June 27 Early 2023"]
[White "Nguyen, Ngoc Truong Son"]
[Black "Vlassov, Nikolai"]
[WhiteFideId "12401110"]
[BlackFideId "4103360"]
[WhiteElo "2955"]
[BlackElo "2642"]
[Result "1-0"]
[Round "9"]
[TimeControl "180+2"]
[Date "2023.06.27"]
[WhiteClock "0:00:05"]
[BlackClock "0:00:00"]
[Board "11"]

1. d4 Nf6 2. c4 Nc6 3. Nf3 e6 4. d5 exd5 5. cxd5 Bb4+ 6. Nc3 Ne7 7. e4 Nxe4 8. Qd4 Bxc3+ 9. bxc3 Nf6 10. c4 d6 11. Bb2 Nf5 12. Qd2 Qe7+ 13. Be2 O-O 14. O-O Ne4 15. Qc2 Ng5 16. Rae1 Nxf3+ 17. Bxf3 Qg5 18. Be4 Bd7 19. h4 Nxh4 20. Re3 Qh6 21. Rg3 Ng6 22. c5 Rae8 23. Bd3 Ne5 24. Bc1 Qh4 25. Bg5 Qh5 26. Bf6 Ng4 27. Rh3 Qxh3 28. gxh3 Nxf6 29. cxd6 cxd6 30. Qc7 Bxh3 31. Rd1 Re5 32. Qxd6 Rxd5 33. Bxh7+ Kxh7 34. Rxd5 Nxd5 35. Qxf8 Be6 36. Qb8 b6 37. Qxa7 Kg6 38. Kg2 Kf6 39. Kg3 g5 40. a4 Kg6 41. Qb7 Kf6 42. Qc6 Kg6 43. Qd6 Kf6 44. Kf3 Kf5 45. Ke2 Kf6 46. Kd3 Kf5 47. Kd4 Kf6 48. Qe5+ Kg6 49. Ke4 Nf6+ 50. Kd4 Nd5 51. Qh8 Kf5 52. Qg7 Nf6 53. Qh8 Nd5 54. Qg7 Nf6 55. f3 Nd5 56. Qe5+ Kg6 57. Qe4+ Kf6 58. Qh7 Nf4 59. Qh8+ Kg6 60. Qg8+ Kf5 61. Qh7+ Kf6 62. Qh6+ Kf5 63. Qh8 Nd5 64. Qe5+ Kg6 65. Qd6 Kf5 66. Kc4 Kg6 67. Kb5 Kf5 68. Kc6 Kg6 69. Qe5 Kh6 70. Kd6 Kg6 71. Qe4+ Kf6 72. Qh7 Nf4 73. Qh8+ Kg6 74. Ke5 Nd5 75. Qg8+ Kh6 76. Qf8+ Kg6 77. Qh8 Nb4 78. Qg8+ Kh6 79. Kf6 Nd5+ 80. Ke5 Kh5 81. Qg7 Kh4 82. Qh6+ Kg3 83. Qh5 Kf2 84. Kd6 Ke3 85. Qxg5+ Kxf3 86. Qe5 Kg4 87. Qe4+ Kg3 88. Ke5 Kf2 89. Qd3 Kg2 90. Ke4 Nf6+ 91. Kf4 Nd5+ 92. Ke5 Kf2 93. Kd4 Kg2 94. Qe2+ Kg3 95. Ke5 Kh4 96. Qg2 Kh5 97. Qg7 Kh4 98. Ke4 Kh5 99. Kf3 Kh4 100. Kg2 Kh5 101. Kg3 1-0


[Site "https://www.chess.com"]

[Event "Titled Tuesday Blitz June 27 Early 2023"]
[White "Kilic, Eray"]
[Black "Ter-Sahakyan, Samvel"]
[WhiteFideId "44517173"]
[BlackFideId "13302531"]
[WhiteElo "2793"]
[BlackElo "2903"]
[Result "0-1"]
[Round "9"]
[TimeControl "180+2"]
[Date "2023.06.27"]
[WhiteClock "0:01:15"]
[BlackClock "0:00:47"]
[Board "12"]

1. d4 Nf6 2. c4 e6 3. Nc3 Bb4 4. e3 O-O 5. Bd2 d5 6. Nf3 b6 7. Bd3 Bb7 8. cxd5 exd5 9. Rc1 Be7 10. O-O c5 11. Ne5 Nc6 12. f4 cxd4 13. Nxc6 Bxc6 14. exd4 Rc8 15. f5 h6 16. Qf3 Bd6 17. Rce1 Qd7 18. Bf4 Bxf4 19. Qxf4 a5 20. Re5 b5 21. Ne2 b4 22. Ng3 Bb5 23. Qf3 Bxd3 24. Qxd3 Qa4 25. a3 Qc2 26. Qxc2 Rxc2 27. axb4 axb4 28. b3 Rfc8 29. Ne2 Ng4 30. Nf4 Nxe5 31. dxe5 d4 32. Nd5 Kf8 33. e6 Rc1 34. exf7 d3 35. Kf2 Rxf1+ 36. Kxf1 Rc1+ 37. Kf2 d2 0-1


[Site "https://www.chess.com"]

[Event "Titled Tuesday Blitz June 27 Early 2023"]
[White "Weetik, Vjacheslav"]
[Black "Bacrot, Etienne"]
[WhiteFideId "4153472"]
[BlackFideId "605506"]
[WhiteElo "2791"]
[BlackElo "2880"]
[Result "1-0"]
[Round "9"]
[TimeControl "180+2"]
[Date "2023.06.27"]
[WhiteClock "0:00:07"]
[BlackClock "0:00:00"]
[Board "13"]

1. d4 d5 2. c4 c6 3. Nf3 Nf6 4. g3 Bf5 5. Nc3 e6 6. Nh4 Be4 7. f3 Bg6 8. Qb3 Qb6 9. c5 Qc7 10. Bf4 Qc8 11. e4 dxe4 12. Nxg6 hxg6 13. fxe4 Nbd7 14. Bc4 b5 15. cxb6 Nxb6 16. Be2 Nh5 17. O-O Nxf4 18. Rxf4 Qd7 19. Rd1 Be7 20. Bg4 Bg5 21. Rff1 O-O 22. d5 cxd5 23. exd5 Qb7 24. Bf3 exd5 25. Nxd5 Qa6 26. Nc7 Qa5 27. Nxa8 Qc5+ 28. Kg2 Nc4 29. Kh1 Ne3 30. Rc1 Qd6 31. Rfe1 Qd2 32. Qc3 Qf2 33. Bc6 Ng4 34. Rc2 Qf5 35. Be4 Qd7 36. Bf3 Bf6 37. Qc6 1-0


[Site "https://www.chess.com"]

[Event "Titled Tuesday Blitz June 27 Early 2023"]
[White "Harsh Suresh"]
[Black "Atakhan, Abtin"]
[WhiteFideId "45018464"]
[BlackFideId "22502203"]
[WhiteElo "2824"]
[BlackElo "2761"]
[Result "1-0"]
[Round "9"]
[TimeControl "180+2"]
[Date "2023.06.27"]
[WhiteClock "0:01:23"]
[BlackClock "0:00:28"]
[Board "14"]

1. e4 c5 2. Nc3 Nc6 3. Bb5 Nd4 4. Bc4 e6 5. Nf3 a6 6. Nxd4 cxd4 7. Ne2 Nf6 8. d3 b5 9. Bb3 Qb6 10. a4 Bb7 11. O-O d5 12. axb5 axb5 13. Rxa8+ Bxa8 14. e5 Nd7 15. f4 Be7 16. Qe1 Nc5 17. Bd2 Nxb3 18. cxb3 b4 19. Qf2 Bc5 20. f5 exf5 21. Qxf5 O-O 22. Nf4 Re8 23. Rf3 Bf8 24. Nh5 Qg6 25. Nf6+ gxf6 26. Rg3 Rxe5 27. Rxg6+ hxg6 28. Qc8 Bc6 29. Qxc6 1-0


[Site "https://www.chess.com"]

[Event "Titled Tuesday Blitz June 27 Early 2023"]
[White "Sethuraman, S.P."]
[Black "Postny, Evgeny"]
[WhiteFideId "5021596"]
[BlackFideId "2804344"]
[WhiteElo "2818"]
[BlackElo "2741"]
[Result "0-1"]
[Round "9"]
[TimeControl "180+2"]
[Date "2023.06.27"]
[WhiteClock "0:00:13"]
[BlackClock "0:00:09"]
[Board "15"]

1. e4 e5 2. Nf3 Nc6 3. Bc4 Nf6 4. d3 Be7 5. O-O d6 6. a4 O-O 7. Re1 Be6 8. Nbd2 h6 9. a5 a6 10. c3 Nh7 11. Bxe6 fxe6 12. Nc4 Bg5 13. d4 Bxc1 14. Rxc1 exd4 15. cxd4 Ng5 16. Nxg5 Qxg5 17. d5 exd5 18. exd5 Na7 19. Ne3 Nb5 20. Rc4 Rf7 21. h4 Qf6 22. Qd2 Raf8 23. Re2 Qg6 24. Rg4 Qb1+ 25. Kh2 Rf4 26. Rxf4 Rxf4 27. Nc2 Rxh4+ 28. Kg3 Qh1 29. Re8+ Kf7 30. Qe3 Qh2+ 31. Kf3 Qf4+ 32. Qxf4+ Rxf4+ 33. Kxf4 Kxe8 34. Ke4 Kf7 35. Ne3 g6 36. f4 c6 37. g4 h5 38. gxh5 gxh5 39. Nf5 Kf6 40. Nh4 Nc7 41. dxc6 bxc6 42. Nf3 Ne6 43. Nh4 d5+ 44. Ke3 c5 45. b3 Nd4 46. b4 Nc2+ 47. Kd2 Nxb4 48. Nf3 Nc6 49. Ng5 Nxa5 50. Nf3 Nc6 51. Kc3 Kf5 0-1


[Site "https://www.chess.com"]

[Event "Titled Tuesday Blitz June 27 Early 2023"]
[White "Leon Oquendo, Jorge"]
[Black "Maksimovic, Bojan"]
[WhiteFideId "3514803"]
[BlackFideId "14408120"]
[WhiteElo "2698"]
[BlackElo "2796"]
[Result "0-1"]
[Round "9"]
[TimeControl "180+2"]
[Date "2023.06.27"]
[WhiteClock "0:00:00"]
[BlackClock "0:00:44"]
[Board "16"]

1. e4 g6 2. d4 Nf6 3. Nc3 d5 4. e5 Ne4 5. Bd3 Nxc3 6. bxc3 c5 7. Nf3 Nc6 8. O-O c4 9. Be2 Bg7 10. a4 O-O 11. h3 f6 12. exf6 Rxf6 13. Re1 Bf5 14. Bf1 Qd7 15. Nh4 Raf8 16. Nxf5 Rxf5 17. Be3 e6 18. Rb1 R5f7 19. Be2 Ne7 20. a5 Nf5 21. Bg4 h5 22. Bf3 Nxe3 23. fxe3 Qd6 24. Rf1 Qg3 25. Kh1 Bh6 26. Qe2 Qg5 27. Rbe1 Qg3 28. Qf2 Qxf2 29. Rxf2 Bg5 30. Rff1 Bh4 31. Rb1 Bg3 32. Rb5 a6 33. Rb6 Re8 34. Rfb1 Ree7 35. e4 Kg7 36. exd5 exd5 37. Bxd5 Rf5 38. Rxb7 Rxb7 39. Bxb7 Rxa5 40. Kg1 Ra3 41. Kf1 Rxc3 42. Bxa6 Rxc2 43. Rb7+ Kf6 44. Rb1 c3 45. Be2 Rd2 46. Rc1 c2 47. Bf3 Kf5 48. Be2 Ke4 49. d5 Kxd5 50. Bf3+ Kd4 51. Bc6 Rd1+ 0-1


[Site "https://www.chess.com"]

[Event "Titled Tuesday Blitz June 27 Early 2023"]
[White "Vakhlamov, Igor L."]
[Black "Matinian, Nikita"]
[WhiteFideId "24126748"]
[BlackFideId "24129100"]
[WhiteElo "2794"]
[BlackElo "2737"]
[Result "1-0"]
[Round "9"]
[TimeControl "180+2"]
[Date "2023.06.27"]
[WhiteClock "0:00:42"]
[BlackClock "0:00:17"]
[Board "17"]

1. e4 c5 2. Nf3 e6 3. Nc3 Nc6 4. d4 cxd4 5. Nxd4 Qc7 6. Nxc6 bxc6 7. Bd3 Nf6 8. O-O d5 9. Re1 Bd6 10. h3 O-O 11. exd5 Nxd5 12. Ne4 Bh2+ 13. Kh1 Bf4 14. Qf3 Bxc1 15. Raxc1 e5 16. Nc3 Nxc3 17. bxc3 f5 18. Bc4+ Kh8 19. Rcd1 Rb8 20. Qe3 e4 21. Qc5 Re8 22. Rd6 Bb7 23. Red1 f4 24. Rd7 Qb6 25. Qg5 Rg8 26. Bxg8 Rxg8 27. Rxg7 1-0


[Site "https://www.chess.com"]

[Event "Titled Tuesday Blitz June 27 Early 2023"]
[White "Terry, Renato"]
[Black "Lorparizangeneh, Shahin"]
[WhiteFideId "3803457"]
[BlackFideId "12521604"]
[WhiteElo "2990"]
[BlackElo "2745"]
[Result "1-0"]
[Round "9"]
[TimeControl "180+2"]
[Date "2023.06.27"]
[WhiteClock "0:00:44"]
[BlackClock "0:00:17"]
[Board "18"]

1. e4 e5 2. Nf3 Nc6 3. c3 Nf6 4. d4 exd4 5. e5 Nd5 6. Qb3 Nb6 7. cxd4 d5 8. Bb5 Be7 9. O-O O-O 10. Bxc6 bxc6 11. Qc2 Bg4 12. Nbd2 Qd7 13. b3 f6 14. a4 a5 15. Ba3 Bxa3 16. Rxa3 Qe7 17. Raa1 Bd7 18. Rac1 Rae8 19. Qc5 Qxc5 20. Rxc5 Ra8 21. Re1 Rfe8 22. h3 Kf7 23. Re3 Re6 24. g4 Be8 25. Rec3 Ra6 26. Rc1 Nd7 27. R5c3 Ke7 28. exf6+ gxf6 29. Ne1 Bg6 30. f4 Be4 31. f5 Rd6 32. Nd3 Rb6 33. Re1 Kf7 34. Nxe4 dxe4 35. Rxe4 Rb8 36. Kf2 Nb6 37. Nf4 Nd5 38. Nxd5 Rxd5 39. Rxc6 Rxb3 40. Rxc7+ Kf8 41. Rxh7 Rb2+ 42. Kf3 Rb3+ 43. Re3 Rb4 44. Rc3 Rd8 45. Rh8+ Ke7 46. Re3+ Kd7 47. Rxd8+ Kxd8 48. Re6 Rxd4 49. Rxf6 Rxa4 50. g5 Ke7 51. Re6+ Kf7 52. Ra6 1-0


[Site "https://www.chess.com"]

[Event "Titled Tuesday Blitz June 27 Early 2023"]
[White "Paravyan, David"]
[Black "De Silva, L M S T"]
[WhiteFideId "4194985"]
[BlackFideId "9953698"]
[WhiteElo "2983"]
[BlackElo "2738"]
[Result "1-0"]
[Round "9"]
[TimeControl "180+2"]
[Date "2023.06.27"]
[WhiteClock "0:02:57"]
[BlackClock "0:02:42"]
[Board "19"]

1. e4 e5 2. Nf3 Nc6 3. Bb5 a6 4. Ba4 Nf6 5. O-O Be7 6. Re1 b5 7. Bb3 O-O 8. h3 Bb7 9. d3 d5 10. exd5 Nxd5 11. Nxe5 Nxe5 12. Rxe5 Qd6 13. Re1 Rae8 14. Nd2 c5 15. Ne4 Qc6 16. c4 Nb6 17. f3 f5 18. cxb5+ 1-0


[Site "https://www.chess.com"]

[Event "Titled Tuesday Blitz June 27 Early 2023"]
[White "splendidkid"]
[Black "Suleymanli, Aydin"]
[BlackFideId "13413937"]
[WhiteElo "2732"]
[BlackElo "2929"]
[Result "1/2-1/2"]
[Round "9"]
[TimeControl "180+2"]
[Date "2023.06.27"]
[WhiteClock "0:00:02"]
[BlackClock "0:00:04"]
[Board "20"]

1. d4 e6 2. Nf3 Nf6 3. c4 b6 4. g3 Bb7 5. Bg2 Be7 6. O-O O-O 7. Nc3 Ne4 8. Qc2 Nxc3 9. Qxc3 Be4 10. Qe3 f5 11. b3 Nc6 12. Bb2 Bf6 13. Rfd1 d6 14. Rac1 Qd7 15. a3 Rae8 16. h4 g6 17. b4 Qg7 18. Bc3 a6 19. Bh3 b5 20. d5 exd5 21. Bxf6 Qxf6 22. cxb5 Ne5 23. Nxe5 Qxe5 24. bxa6 f4 25. gxf4 Rxf4 26. Qg3 Ref8 27. a7 Qf6 28. Rxc7 Rxh4 29. f3 Rh5 30. Bg4 Rg5 31. Rdc1 Qd4+ 32. Kh2 Rxg4 33. fxg4 Rf2+ 34. Kh3 Bg2+ 35. Qxg2 Qe3+ 36. Qg3 Qh6+ 37. Qh4 Qe3+ 38. Qg3 Qh6+ 39. Qh4 Qe3+ 40. Qg3 1/2-1/2


[Site "https://www.chess.com"]

[Event "Titled Tuesday Blitz June 27 Early 2023"]
[White "Movahed, Sina"]
[Black "Csonka, Balazs"]
[WhiteFideId "42520835"]
[BlackFideId "742910"]
[WhiteElo "2923"]
[BlackElo "2729"]
[Result "0-1"]
[Round "9"]
[TimeControl "180+2"]
[Date "2023.06.27"]
[WhiteClock "0:00:24"]
[BlackClock "0:00:11"]
[Board "21"]

1. Nf3 d5 2. g3 Nc6 3. d4 Bf5 4. c4 e6 5. Bg2 Nb4 6. O-O Nc2 7. cxd5 Nxa1 8. e4 Bxe4 9. dxe6 Bxb1 10. exf7+ Kxf7 11. Ne5+ Ke8 12. Qa4+ c6 13. Bxc6+ bxc6 14. Qxc6+ Ke7 15. Qb7+ Ke6 16. Qf7+ Kd6 17. Bf4 g5 18. Rc1 Bc2 19. Qb7 Ke6 20. Qf7+ Kd6 21. Nc4+ Kc6 22. d5+ Kb5 23. Qb7+ Kxc4 24. Qc6+ Kd3 25. Qc3+ Ke4 26. Qe5+ Kd3 27. Re1 Kc4 28. Qc3+ Kb5 29. Bc7 Qxd5 30. Re5 Be4 31. Rxd5+ Bxd5 32. Qxh8 Bc5 33. Qe5 Kc6 34. b4 Bxb4 35. Qxa1 Kxc7 36. Qd4 Kd6 37. Qxb4+ Ke6 38. Qd2 Nf6 39. Qxg5 Rb8 40. Qe3+ Kf7 41. Qxa7+ Rb7 42. Qxb7+ Bxb7 43. f4 Nd5 44. Kf2 Nc3 45. a3 Bc6 46. Ke3 Nb1 47. Kd4 Nxa3 48. f5 Be8 49. g4 Nb5+ 50. Ke5 Nc3 51. g5 Kg7 52. h4 Bh5 53. g6 hxg6 54. fxg6 Bxg6 55. Kd4 Ne4 56. Ke5 Kh6 57. h5 Kxh5 58. Kf4 Kh4 59. Ke3 Kg5 60. Kd4 Kf4 61. Kd5 Bf5 62. Kd4 Be6 63. Kd3 Bd5 64. Kd4 Bc6 65. Kd3 Nf6 66. Kd4 Nd7 67. Kd3 Ke5 68. Ke3 Be4 69. Kd2 Nb6 70. Kc3 Kd5 71. Kd2 Kd4 72. Ke2 Nd5 73. Kf2 Nf6 74. Kg3 Ke5 75. Kh4 Kf5 76. Kg3 Ng4 77. Kh4 Kf4 78. Kh5 Bf5 79. Kh4 Bg6 80. Kh3 Ne3 81. Kh4 Ng2+ 82. Kh3 Kf3 83. Kh2 Bf5 84. Kg1 Kg3 85. Kf1 Bd3+ 86. Kg1 Nf4 87. Kh1 Bc4 88. Kg1 Ne2+ 89. Kf1 Kf3 90. Ke1 Ke3 91. Kd1 Bb3+ 92. Ke1 Nf4 93. Kf1 Bd1 94. Ke1 Bf3 95. Kf1 Nd3 96. Kg1 Kf4 97. Kh2 Kg4 98. Kg1 Kg3 99. Kf1 Bg4 100. Kg1 Be2 101. Kh1 Nf2+ 102. Kg1 Nh3+ 103. Kh1 Bf3# 0-1


[Site "https://www.chess.com"]

[Event "Titled Tuesday Blitz June 27 Early 2023"]
[White "Quintiliano Pinto, Renato R."]
[Black "Chigaev, Maksim"]
[WhiteFideId "2117568"]
[BlackFideId "4108116"]
[WhiteElo "2720"]
[BlackElo "2891"]
[Result "0-1"]
[Round "9"]
[TimeControl "180+2"]
[Date "2023.06.27"]
[WhiteClock "0:00:11"]
[BlackClock "0:00:09"]
[Board "22"]

1. d4 Nf6 2. Nf3 g6 3. b3 Bg7 4. Bb2 O-O 5. e3 d6 6. Be2 c5 7. O-O Nc6 8. c4 Ne4 9. Nbd2 Bf5 10. Nxe4 Bxe4 11. Qd2 Qa5 12. Bc3 Qc7 13. Rfd1 Bxf3 14. Bxf3 Rfd8 15. d5 Bxc3 16. Qxc3 Qa5 17. Qb2 Ne5 18. Be2 a6 19. f4 Nd7 20. a4 Nf6 21. Qc2 Rab8 22. e4 Nd7 23. h4 Re8 24. h5 Rbd8 25. hxg6 hxg6 26. Kf2 Kg7 27. Qb2+ Nf6 28. Bf3 e5 29. dxe6 fxe6 30. g4 e5 31. g5 Nh7 32. Rh1 Rf8 33. Rh4 Kg8 34. Rah1 Rd7 35. fxe5 dxe5 36. Qxe5 Qd2+ 37. Kg3 Rxf3+ 38. Kxf3 Rd3+ 39. Kg4 Qg2+ 40. Kf4 Qf3# 0-1


[Site "https://www.chess.com"]

[Event "Titled Tuesday Blitz June 27 Early 2023"]
[White "Zhigalko, Sergei"]
[Black "Gedajlovic, Max"]
[WhiteFideId "13502956"]
[BlackFideId "2616840"]
[WhiteElo "2881"]
[BlackElo "2710"]
[Result "1-0"]
[Round "9"]
[TimeControl "180+2"]
[Date "2023.06.27"]
[WhiteClock "0:01:53"]
[BlackClock "0:01:10"]
[Board "23"]

1. e4 e6 2. d4 d5 3. e5 c5 4. c3 Qb6 5. Nf3 Bd7 6. Be2 Bb5 7. Bxb5+ Qxb5 8. a4 Qd7 9. O-O c4 10. h4 Nc6 11. h5 h6 12. Bf4 Nge7 13. Nbd2 g5 14. Bg3 Nf5 15. Nh2 Be7 16. Ng4 O-O-O 17. a5 Kb8 18. b3 cxb3 19. Qxb3 Ka8 20. Rfb1 Rb8 21. Bh2 Ng7 22. Nf6 Qc7 23. c4 Nxd4 24. Qd3 Nc6 25. cxd5 Nxe5 26. Bxe5 Qxe5 27. Nd7 Qxd5 28. Nb6+ 1-0


[Site "https://www.chess.com"]

[Event "Titled Tuesday Blitz June 27 Early 2023"]
[White "Hambleton, Aman"]
[Black "Kantor, Gergely"]
[WhiteFideId "2606577"]
[BlackFideId "751499"]
[WhiteElo "2705"]
[BlackElo "2845"]
[Result "0-1"]
[Round "9"]
[TimeControl "180+2"]
[Date "2023.06.27"]
[WhiteClock "0:00:00"]
[BlackClock "0:02:38"]
[Board "24"]

1. d4 Nc6 2. d5 Ne5 3. Nf3 Nxf3+ 4. exf3 d6 5. Bc4 Nf6 6. O-O g6 7. Re1 Bg7 8. Qe2 c6 9. Nc3 b5 10. Bb3 b4 11. Ne4 Nxd5 12. Bxd5 cxd5 13. Qb5+ Bd7 14. Nxd6+ Kf8 15. Qxd5 Be6 16. Rxe6 fxe6 0-1


[Site "https://www.chess.com"]

[Event "Titled Tuesday Blitz June 27 Early 2023"]
[White "Kourkoulos-Arditis, Stamatis"]
[Black "Drozdowski, Kacper"]
[WhiteFideId "4221990"]
[BlackFideId "1136720"]
[WhiteElo "2703"]
[BlackElo "2841"]
[Result "1-0"]
[Round "9"]
[TimeControl "180+2"]
[Date "2023.06.27"]
[WhiteClock "0:00:26"]
[BlackClock "0:00:26"]
[Board "25"]

1. c4 e5 2. Nc3 Nf6 3. g3 d5 4. cxd5 Nxd5 5. Bg2 Nb6 6. Nf3 Nc6 7. O-O Be7 8. d3 O-O 9. Be3 Be6 10. Rc1 f5 11. a3 Bf6 12. b4 Nd5 13. Nxd5 Bxd5 14. b5 Ne7 15. Bc5 Rf7 16. e4 Be6 17. d4 fxe4 18. Nxe5 Bxe5 19. dxe5 Qd5 20. Qxd5 Bxd5 21. Rfe1 Rd8 22. e6 Bxe6 23. Rxe4 b6 24. Bb4 Nf5 25. Rxe6 Nd4 26. Re3 Nxb5 27. Bd5 c5 28. Bxf7+ Kxf7 29. Bxc5 bxc5 30. Rxc5 Nd4 31. Rc7+ Kf6 32. Rxa7 g5 33. h3 h5 34. Ra6+ Kf7 35. Kg2 Nc2 36. Re5 Rd2 37. Rxg5 Ne1+ 38. Kf1 Nd3 39. Rf5+ Kg7 40. h4 Rc2 41. a4 Nb4 42. Rb6 Rc1+ 43. Kg2 Nd3 44. Re6 Ne1+ 45. Rxe1 Rxe1 46. Rxh5 Ra1 47. Rg5+ Kf6 48. a5 Ra4 49. f3 Ra2+ 50. Kh3 Ra1 51. Kg4 Ra4+ 52. f4 Ra1 53. h5 Ra2 54. Rb5 Ke6 55. Rb6+ Kf7 56. a6 Kg7 57. h6+ Kh7 58. Kg5 Rc2 59. Rb7+ Kh8 60. a7 Rc5+ 61. f5 Rc8 62. Rb8 Rg8+ 63. Rxg8+ Kh7 64. Rg7+ Kh8 65. a8=Q# 1-0


[Site "https://www.chess.com"]